 Dungeon Crawl Stone Soup version 0.30.0 (webtiles) character file.

Game seed: 9562761607155483588

682 ScarlettSwan the Magician (level 7, -7/45 HPs)
             Began as a Djinni Fire Elementalist on Oct 15, 2023.
             Was a Plaything of Xom.
             Mangled by a shadow (12 damage)
             ... created by the darkness of Dithmenos
             ... on level 7 of the Dungeon.
             The game lasted 00:35:01 (3637 turns).

ScarlettSwan the Magician (DjFE)                    Turns: 3637, Time: 00:35:04

Health: -7/45      AC:  4    Str:  7    XL:     7   Next: 93%
Gold:   260        EV: 10    Int: 19    God:    Xom [..*...] SH:  5 Dex: 13

rFire   + + .        u - +5 long sword of Watchfulness {drain, rPois}
rCold   x . .        s - +2 buckler
rNeg    . . .        n - +0 leather armour
rPois   ∞            r - +1 hat
rElec   .            (no cloak)
rCorr   .            (no gloves)
SInv    .            (boots unavailable)
Will    .....        (no amulet)
Stlth   ++           (no ring)
HPRegen 0.27/turn    (no ring)
MPRegen 0.00/turn

%: infuse magic (-8 HP)
@: flying
A: sickness immunity, fire resistance 2, cold vulnerability 1, float, innate
caster, HP casting, extra vitality 1
a: Renounce Religion


You were on level 7 of the Dungeon.
You worshipped Xom.
You were a toy of Xom.
You visited 2 branches of the dungeon, and saw 8 of its levels.

You collected 260 gold pieces.

Inventory:

Hand Weapons
 k - a +0 flail
 u - the +5 long sword of Watchfulness (weapon) {drain, rPois}
   (You found it on level 5 of the Dungeon)

   rPois:     It protects you from poison.
Armour
 a - a +0 robe
 h - a +0 helmet
 n - a +0 leather armour (worn)
 r - a +1 hat (worn)
 s - a +2 buckler (worn)
Jewellery
 i - a ring of protection from fire
 o - a +4 ring of slaying
Wands
 t - a wand of flame (13)
Scrolls
 b - 2 scrolls of fear {unknown}
 d - a scroll of teleportation {unknown}
 f - a scroll of acquirement {unknown}
 g - 2 scrolls of identify {unknown}
 m - a scroll of immolation {unknown}
 p - a scroll of silence {unknown}
 q - a scroll of enchant armour {unknown}
 v - a scroll of fog {unknown}
 w - a scroll of noise {unknown}
Potions
 c - a potion of curing
 e - 2 potions of heal wounds {unknown}
 j - a potion of degeneration {unknown}
 l - a potion of might {unknown}


   Skills:
 - Level 1.6 Armour
 - Level 2.1 Dodging
 * Level 3.3 Stealth
 - Level 0.1 Shields
 + Level 5.9 Spellcasting


You knew the following spells:

 Your Spells              Type           Power      Damage    Failure   Level
a - Foxfire               Conj/Fire      100%       2x1d9     2%          1
b - Scorch                Fire           56%        2d7       3%          2
c - Volatile Blastmotes   Fire/Tloc      56%        2d14      8%          3
d - Inner Flame           Hex/Fire       28%        N/A       8%          3
e - Flame Wave            Conj/Fire      28%        2d9       24%         4
f - Slow                  Hex            100%       N/A       2%          1
g - Lesser Beckoning      Tloc           56%        N/A       3%          2
h - Vampiric Draining     Necr           28%        2d8       8%          3
Your spell library was empty.

Dungeon Overview and Level Annotations

Branches:
Dungeon (7/15)             Temple (1/1) D:5

Altars:
Cheibriados
Dithmenos
Elyvilon
Fedhas
Gozag
Hepliaklqana
Makhleb
Nemelex Xobeh
Okawaru
Qazlal
Trog
Uskayaw
Wu Jian
Xom
Zin


Innate Abilities, Weirdness & Mutations

You are immune to sickness and miasma.
You are immune to poison.
Your flesh is very heat resistant. (rF++)
You are vulnerable to cold. (rC-)
You float through the air rather than walking.
You learn spells naturally, not from books.
Your magical power is your life essence.
You have superior vitality. (+4 MHP)


Message History

Your foxfire dissipates!
You start resting.
Your foxfire dissipates!
You start resting.
Dithmenos calls forth shadows to punish you. 5 shadows come into view.
Casting: Foxfire (safe; 2% risk of failure)
Confirm with . or Enter, or press ? or * to list all spells.
You conjure some foxfire!
Casting: Foxfire (safe; 2% risk of failure)
Confirm with . or Enter, or press ? or * to list all spells.
You conjure some foxfire!
The foxfire hits the shadow.
The shadow is lightly damaged.
The foxfire hits the shadow but does no damage.
The foxfire hits the shadow.
The shadow is lightly damaged.
You block the shadow's attack.
Your foxfire dissipates!
The shadow attacks as you move away! The shadow hits you.
The shadow attacks as you move away! You block the shadow's attack.
The shadow slips into darkness.
The shadow flickers and vanishes!
Deactivating autopickup; reactivate with Ctrl-A.
The shadow slips into darkness.
The shadow flickers and vanishes!
You feel better.
The shadow slips into darkness.
The shadow flickers and vanishes!
The shadow hits you. The shadow hits you!
The shadow strikes at you from the darkness!
* * * LOW HITPOINT WARNING * * *
Reactivating autopickup.
You feel better.
The shadow slips into darkness.
The shadow flickers and vanishes!
Deactivating autopickup; reactivate with Ctrl-A.
The shadow hits you.
* * * LOW HITPOINT WARNING * * *
The shadow hits you!
You die...
Xom laughs nastily!

#.# #.# #)# #.# #.#
###.# #..)#
###..W###########
#....{@.........#
#...#W.########.###
#...#..# #...#
###...#..# ###.#
..#####..# #.# ...#
#..# #.#
....###..##########.#
#....#..#....##[...#
h
#..#.#..#.##.....###


You could see 2 shadows.

Vanquished Creatures
  A water moccasin (D:5)
  A black bear (D:5)
  A scorpion (D:5)
  2 hounds
  4 jellies
  An orc priest (D:7)
  2 iguanas (D:5)
  2 orc wizards (D:4)
  5 adders (D:5)
  An ufetubus (D:5)
  A worm (D:2)
  2 dart slugs
  4 orcs
  6 endoplasms
  14 giant cockroaches
  3 goblins
  2 hobgoblins (D:1)
  5 kobolds
  3 quokkas (D:3)
  8 ball pythons
  5 bats
  2 frilled lizards (D:3)
  3 rats
78 creatures vanquished.

Vanquished Creatures (others)
  263 foxfires
263 creatures vanquished.

Grand Total: 341 creatures vanquished

Notes
Turn   | Place    | Note
-------+----------+-------------------------------------------
     0 | D:1      | ScarlettSwan the Djinni Fire Elementalist began the quest
                  | for the Orb.
     0 | D:1      | ScarlettSwan set off with the following spells memorised:
                  | Foxfire, Scorch, Volatile Blastmotes, Inner Flame, Flame
                  | Wave.
     0 | D:1      | Reached XP level 1. HP: 15/15 MP: 0/0
   181 | D:1      | Reached XP level 2. HP: 15/21 MP: 0/0
   191 | D:1      | Reached skill level 3 in Spellcasting
   381 | D:1      | Reached XP level 3. HP: 19/25 MP: 0/0
   381 | D:1      | Learned a level 1 spell: Slow
  1026 | D:3      | Reached XP level 4. HP: 24/31 MP: 0/0
  1584 | D:3      | Found a faded altar of an unknown god.
  1678 | D:3      | Prayed at the altar of an unknown god.
  1678 | D:3      | Became a worshipper of Dithmenos the Shadowed
  1678 | D:3      | Reached * piety under Dithmenos
  1753 | D:4      | Reached skill level 4 in Spellcasting
  1753 | D:4      | Reached XP level 5. HP: 31/35 MP: 0/0
  1753 | D:4      | Learned a level 2 spell: Lesser Beckoning
  1780 | D:4      | Reached skill level 1 in Armour
  1823 | D:4      | Reached XP level 6. HP: 37/40 MP: 0/0
  1887 | D:5      | Entered Level 5 of the Dungeon
  1941 | D:5      | Identified the +10 war axe of Ladiba {freeze, rPois rF+++
                  | Int+3 Dex-5}
  2281 | D:5      | Noticed a black bear
  2286 | D:5      | Killed a black bear
  2287 | D:5      | Reached skill level 5 in Spellcasting
  2287 | D:5      | Reached XP level 7. HP: 42/45 MP: 0/0
  2287 | D:5      | Learned a level 3 spell: Vampiric Draining
  2292 | D:5      | Noticed a water moccasin
  2300 | D:5      | Killed a water moccasin
  2531 | D:5      | Reached ** piety under Dithmenos
  2612 | D:5      | Found a staircase to the Ecumenical Temple.
  2621 | Temple   | Entered the Ecumenical Temple
  2793 | Temple   | Fell from the grace of Dithmenos
  2793 | Temple   | Became a worshipper of Xom of Bloodstained Whimsey
  3321 | D:5      | Identified the +5 long sword of Watchfulness {drain, rPois}
  3446 | D:5      | XOM: silly message
  3581 | D:7      | XOM: divination: detect creatures
  3633 | D:7      | Noticed a shadow
  3633 | D:7      | Noticed a shadow
  3633 | D:7      | Noticed a shadow
  3633 | D:7      | Noticed a shadow
  3633 | D:7      | Noticed a shadow
  3637 | D:7      | Mangled by a shadow

Illustrated notes

Levels and vault maps discovered:
D:1:      sevenhm_arrival_forest_fort_small_4, layout_basic, minmay_octomino_c4
D:2:      layout_loops_ring, uniq_robin
D:3:      minmay_roachtagon, layout_loops_corners,
          chequers_temple_overflow_minitemple,
          ebering_ecumenical_altar_sacrificial
D:4:      layout_loops_ring, serial_shops, nicolae_shop_peninsula,
          nicolae_shop_firing_range, uniq_grinder, uniq_pikel
D:5:      layout_layer_cave, temple_green, hangedman_decor_peaks_small,
          kennysheep_another_room
D:6:      layout_loops_ring, serial_shops, shop, uniq_prince_ribbit1
D:7:      layout_basic, minmay_misc_feat_tower
Temple:   minmay_crystal_spiral_temple

Skill      XL: |  1  2  3  4  5  6  7 |
---------------+----------------------+-----
Spellcasting   | 3 4 5 |  5.9
Stealth        | 2 3 |  3.3
Armour         | 1 |  1.6
Dodging        | |  2.1
Shields        | |  0.1

Action                     |  1- 3 |  4- 6 |  7- 9 || total
---------------------------+-------+-------+-------++-------
  Melee: Unarmed           |     3 |       |       ||     3
         Long sword        |       |       |     3 ||     3
   Cast: Foxfire           |    83 |    94 |    36 ||   213
         Inner Flame       |     1 |       |       ||     1
         Scorch            |     1 |       |       ||     1
         Volatile Blastmot |       |     3 |     5 ||     8
         Slow              |       |       |     1 ||     1
    Use: Potion            |       |     2 |     2 ||     4
 Armour: Robe              |    13 |       |       ||    13
         Leather armour    |     1 |    27 |     2 ||    30
  Dodge: Dodged            |    31 |    36 |     3 ||    70
  Block: Buckler           |       |       |     5 ||     5
